Cogmind - Beta 16 @@@ ROGUE MODE // 2025.11.30 @ 10:29:02 Player: Mozco Result: Self-destructed Performance ------------- Evolutions (2) 1000 Regions Visited (5) 1000 Robots Destroyed (30) 150 Value Destroyed (763) 763 Prototype IDs (23) 460 Alien Tech Used (0) 0 Bonus (300) 300 TOTAL SCORE: 3673 Bonus ------- Aligned with FarCom 300 Cogmind --------- Core Integrity 472/550 Matter 216/300 Energy 160/160 System Corruption 3% Temperature Cool (0) Movement Treading (240) Ox1 Location -8/Materials Parts ------- > --- POWER (1) -------- Light Nuclear Core > --- PROPULSION (4) --- Light Treads Light Treads > --- UTILITY (4) ------ High-capacity Storage Unit > --- WEAPON (2) ------- EM Pulse Gun > --- INVENTORY (20) --- Improved Ion Engine Improved Ion Engine Light Treads Wheel Flight Unit Flight Unit Cloak of Protection Latent Energy Streamer AWS/Gauss Shock Bomb Launcher Rocket Launcher Mini Grenade Launcher Datajack Peak State ------------ > --- POWER ------------ Light Nuclear Core > --- PROPULSION ------- Light Treads Light Treads > --- UTILITY ---------- Improved Heat Sink Large Storage Unit > --- WEAPON ----------- Latent Energy Streamer Light Assault Rifle > --- INVENTORY -------- Light Ion Engine Improved Ion Engine Light Treads Wheel Flight Unit Flight Unit High-capacity Storage Unit Cloak of Protection Light Assault Rifle AWS/Gauss Rocket Launcher Datajack [Rating: 23] Favorites ----------- Power Light Ion Engine Engine Light Ion Engine Power Core Light Nuclear Core Propulsion Light Treads Treads Light Treads Leg Aluminum Leg Utility Small Storage Unit Device Improved Heat Sink Storage Small Storage Unit Weapon Light Assault Rifle Energy Gun EM Pulse Gun Energy Cannon Latent Energy Streamer Ballistic Gun Light Assault Rifle Launcher Rocket Launcher Build | -11 -10 -10 -10 -9 -8 ------- Run | Yrd Mat Min Exi Min Mat Slots Evolved 4 | . . . . . 4 Power . | . . . . . . Propulsion 2 | . . . . . 2 Utility 2 | . . . . . 2 Weapon . | . . . . . . Parts Attached 30 | 9 1 6 2 7 5 Power 3 | 1 . 1 . 1 . Engine 2 | 1 . 1 . . . Core 1 | . . . . 1 . Reactor . | . . . . . . Propulsion 7 | 4 . 1 . . 2 Treads 5 | 2 . 1 . . 2 Leg 2 | 2 . . . . . Wheel . | . . . . . . Hover . | . . . . . . Flight . | . . . . . . Utility 8 | 2 . 1 2 2 1 Device 4 | 1 . 1 . 2 . Storage 4 | 1 . . 2 . 1 Processor . | . . . . . . Hackware . | . . . . . . Protection . | . . . . . . Artifact . | . . . . . . Weapon 12 | 2 1 3 . 4 2 Energy Gun 4 | 1 . 1 . . 2 Energy Cannon 1 | . . . . 1 . Ballistic Gun 5 | 1 1 2 . 1 . Ballistic Cannon . | . . . . . . Launcher 2 | . . . . 2 . Special Weapon . | . . . . . . Impact Weapon . | . . . . . . Slashing Weapon . | . . . . . . Piercing Weapon . | . . . . . . Special Melee Weapon . | . . . . . . Unidentified Prototypes . | . . . . . . Corrupted Parts 1 | . . . . . 1 System Corruption 3 | . . . . . 3 Parts Lost 9 | . 1 3 . 1 4 Power 1 | . . 1 . . . Propulsion 2 | . . . . . 2 Utility 2 | . . 1 . . 1 Weapon 4 | . 1 1 . 1 1 Highest Loss Streak 3 | . 1 3 . 1 3 To Critical Strikes . | . . . . . . Average Backups 9 | 3 6 7 9 12 13 Power 1 | . 1 1 1 1 1 Propulsion 4 | 2 4 4 4 4 4 Utility . | . . . . 2 1 Weapon 2 | . 1 1 2 3 4 Tool/Special . | . . . . . . Unused Backups 10 | . . 2 . . 8 Power 1 | . . . . . 1 Propulsion 5 | . . 2 . . 3 Utility 1 | . . . . . 1 Weapon 2 | . . . . . 2 Tool/Special 1 | . . . . . 1 Average Slot Usage (%) 86 | . 99 83 87 98 54 Engine 8 | . 14 8 14 1 . Core 3 | . . . . 12 9 Treads 18 | . . 9 28 28 18 Leg 8 | . 28 18 . . . Device 5 | . 14 4 . 12 1 Storage 14 | . 14 14 16 14 9 Energy Gun 6 | . 10 4 14 . 9 Ballistic Gun 18 | . 17 23 14 23 4 Launcher 1 | . . . . 3 3 Peak Build Rating 23 | 9 9 9 10 23 18 Average Rating 9 | 4 8 6 7 14 13 On Entrance 8 | . 9 9 6 10 18 Avg Prop Armor Cover (%) . | . . . . . . Naked Turns . | . . . . . . Heaviest Build 49 | 13 13 13 26 37 49 Greatest Support 60 | 40 20 40 40 40 60 Greatest Overweight (x) 1 | . . . . . 1 Average Overweight (x) . | . . . . . . Largest Inventory Capacity 20 | 8 8 8 15 15 20 Average Capacity 11 | 7 8 8 11 15 16 Most Carried 15 | 7 6 8 13 14 15 Average Carried 9 | 3 6 7 9 13 14 Final Capacity 20 | 8 8 8 15 15 20 Final Carried 14 | 6 6 8 13 14 14 Class Distribution -------------------- 78% | Mutant 21% | Scavenger-Mutant Dominant Class ---------------- Mutant | -10/Materials Mutant | -10/Mines Mutant | -10/Exiles Scavenger-Mutant | -9/Mines Mutant | -8/Materials Resources | -11 -10 -10 -10 -9 -8 ----------- Run | Yrd Mat Min Exi Min Mat Matter Collected 819 | 261 70 244 . 184 60 Remotely . | . . . . . . Salvage Created 827 | 14 112 172 . 204 325 Parts 53 | 2 11 14 . 11 15 Haulers Intercepted 1 | . . . . . 1 Recyclers Shooed 3 | . 2 1 . . . Parts Field Recycled . | . . . . . . Retrieved Matter . | . . . . . . Parts Self-Destructed . | . . . . . . Prevented . | . . . . . . Parts Restored . | . . . . . . Kills | -11 -10 -10 -10 -9 -8 ------- Run | Yrd Mat Min Exi Min Mat Combat Hostiles Destroyed 32 | . 4 8 . 13 7 Guns 17 | . 4 8 . 3 2 AOE 14 | . . . . 10 4 Classes Destroyed 9 | 1 3 . . 2 3 Builder 1 | . . . . 1 . Tunneler 1 | 1 . . . . . Hauler 1 | . . . . . 1 Mechanic 1 | . . . . . 1 Operator 1 | . 1 . . . . Swarmer 12 | . 3 6 . 3 . Grunt 12 | . 1 2 . 3 6 Sentry 1 | . . . . . 1 Assembled 7 | . . . . 7 . Best Kill Streak 8 | 1 3 3 . 8 5 Combat Bots Only 7 | . 3 3 . 7 4 Max Kills in Single Turn 3 | 1 1 1 . 3 2 Gunslinging . | . . . . . . Exploded 3 | . . . . 3 2 Melee . | . . . . . . Uniques/NPCs Destroyed . | . . . . . . Combat | -11 -10 -10 -10 -9 -8 -------- Run | Yrd Mat Min Exi Min Mat Hostile Shots Fired 156 | . 12 67 . 47 30 Missed 51 | . 7 22 . 13 9 Hits 105 | . 5 45 . 34 21 Projectile 105 | . 5 45 . 34 21 AOE 2 | . . . . 2 . Critical Strikes 3 | . . 1 . . 2 Damage Taken 1364 | . 103 418 . 480 363 Core 260 | . 23 76 . 83 78 Absorbed by Shields . | . . . . . . Ignored by Resistances 10 | . . . . . 10 Core Remaining (%) 63 | 100 . . . 27 . Volleys Fired 89 | 1 11 35 . 23 19 Largest 2 | 2 2 2 . 2 2 Hottest 80 | 60 60 40 . 63 80 Shots Fired 168 | 2 21 69 . 41 35 Gun 154 | 2 21 69 . 34 28 Cannon . | . . . . . . Launcher 14 | . . . . 7 7 Special . | . . . . . . Kinetic 112 | 1 11 69 . 31 . Thermal . | . . . . . . Explosive 14 | . . . . 7 7 Electromagnetic 42 | 1 10 . . 3 28 Robot Hit Streak 10 | 1 5 3 . 8 10 Robot Miss Streak 5 | 1 2 5 . 2 2 Penetration Max . | . . . . . . Secondary Targets 4 | . . 3 . 1 . Max Gunslinging Chain 1 | . . 1 . 1 . Shots Hit Robots 92 | 1 13 31 . 26 21 Core Hits 71 | 1 7 12 . 25 26 Critical Kills . | . . . . . . Critical Parts Destroyed . | . . . . . . Critical Strikes 1 | . . . . 1 . Corrupt 1 | . . . . 1 . Melee Attacks . | . . . . . . Impact . | . . . . . . Slashing . | . . . . . . Piercing . | . . . . . . Sneak Attacks . | . . . . . . Combat Hostiles . | . . . . . . Follow-up Attacks . | . . . . . . Damage Inflicted 2426 | 14 226 379 . 831 976 Guns 1031 | 14 175 370 . 226 246 Cannons . | . . . . . . Explosions 1377 | . 51 . . 596 730 Melee . | . . . . . . Ramming 18 | . . 9 . 9 . Kinetic 673 | 14 88 370 . 201 . Thermal 140 | . 51 . . . 89 Explosive 1237 | . . . . 596 641 Electromagnetic 358 | . 87 . . 25 246 Impact . | . . . . . . Slashing . | . . . . . . Piercing . | . . . . . . Highest Corruption 3 | . 1 1 1 1 3 Average Corruption 1 | . 1 1 1 1 3 Corruption Purged . | . . . . . . Corruption Blocked . | . . . . . . Effects 13 | . . 5 6 1 1 Message Errors 5 | . . 2 2 1 . Matter Fused 1 | . . . 1 . . Heat Flow Errors 1 | . . 1 . . . Energy Discharges 3 | . . 1 1 . 1 Data Loss (major) 2 | . . 1 1 . . Alerts 1 | . . . 1 . . Overload Shots . | . . . . . . Overflow Damage 37 | . 9 . . 22 6 Projectiles . | . . . . . . Explosions 37 | . 9 . . 22 6 Melee . | . . . . . . Knockbacks . | . . . . . . Impact . | . . . . . . Kinetic . | . . . . . . Secondary . | . . . . . . Self-Inflicted Damage 89 | . 59 . . . 30 Shots 3 | . 2 . . . 1 Rammed 4 | . . . . 4 . Targets Rammed 6 | . . 2 . 4 . Kicked 2 | . . 2 . . . Crushed . | . . . . . . Highest Temperature 176 | . 18 176 . 99 124 Average Temperature 51 | . 12 47 . 67 45 Received Heat Transfer 516 | . 12 90 . 225 189 Siege Activations . | . . . . . . Martial Activations . | . . . . . . Shielding Activations . | . . . . . . Robots Disrupted . | . . . . . . Combat Hostiles . | . . . . . . Robots Corrupted 1 | . . . . . 1 Combat Hostiles 1 | . . . . . 1 Parts Fried 2 | . . . . 1 1 Impact Corruptions . | . . . . . . Robots Melted . | . . . . . . Combat Hostiles . | . . . . . . Parts Melted . | . . . . . . Heat Transferred 150 | . 100 . . . 50 Parts Sabotaged . | . . . . . . Parts Stolen . | . . . . . . Parts Stripped . | . . . . . . Power Chain Reactions 3 | . 2 . . . 1 Alert | -11 -10 -10 -10 -9 -8 ------- Run | Yrd Mat Min Exi Min Mat Maximum Alert Level . | . . . . . . Low Security (%) 100 | 100 100 100 . 100 100 Level 1 . | . . . . . . Level 2 . | . . . . . . Level 3 . | . . . . . . Level 4 . | . . . . . . Level 5 . | . . . . . . High Security . | . . . . . . Max Security . | . . . . . . Peak Influence 159 | 5 117 81 . 94 159 Initial 41 | . . 41 . . 33 Average 33 | . 60 23 . 14 121 Influence Increases 831 | 5 197 190 . 203 236 Destroy 0b10 Robot/C 500 | . 80 160 . 120 140 Destroy 0b10 Robot/NC 25 | 5 5 . . 5 10 Destroy Leader 102 | . 20 30 . 20 32 Successful Hack 23 | . 23 . . . . Select Force Hacks 30 | . 30 . . . . Disable Machine 60 | . 30 . . 15 15 Destroy Structure 91 | . 9 . . 43 39 Influence Decreases 692 | 5 90 297 . 117 183 Entered New Map 119 | . . 66 . . 53 Time Decay 483 | 5 80 201 . 107 90 Lost Part 90 | . 10 30 . 10 40 Squads Dispatched 3 | . 2 . . . 1 Investigation 1 | . 1 . . . . Extermination . | . . . . . . Reinforcement 2 | . 1 . . . 1 Assault . | . . . . . . Garrison . | . . . . . . Intercept . | . . . . . . Searches Triggered . | . . . . . . Construction Impeded 1 | . . . . . 1 Haulers Reinforced . | . . . . . . Active Scanning Responses . | . . . . . . Cargo Convoy Interrupts . | . . . . . . Stealth | -11 -10 -10 -10 -9 -8 --------- Run | Yrd Mat Min Exi Min Mat Distress Signals 2 | . . . . . 2 Communications Jammed . | . . . . . . Distress Signals . | . . . . . . Times Spotted 34 | . 4 9 . 11 10 Peak Tracking Total 5 | . 2 3 . 5 5 Tactical Retreats . | . . . . . . Traps | -11 -10 -10 -10 -9 -8 ------- Run | Yrd Mat Min Exi Min Mat Traps Triggered . | . . . . . . Indirectly . | . . . . . . Trap Hack Attempts . | . . . . . . Triggered . | . . . . . . Disarmed . | . . . . . . Reprogrammed . | . . . . . . Reused . | . . . . . . Traps Extracted . | . . . . . . Installed . | . . . . . . Triggered . | . . . . . . Machines | -11 -10 -10 -10 -9 -8 ---------- Run | Yrd Mat Min Exi Min Mat Machines Disabled 4 | . 2 . . 1 1 Max in Single Turn 2 | . 2 . . 1 1 Machines Repaired . | . . . . . . Machines Dismantled . | . . . . . . Machines Sabotaged . | . . . . . . Overloaded Fab Kills . | . . . . . . Hacking | -11 -10 -10 -10 -9 -8 --------- Run | Yrd Mat Min Exi Min Mat Machines Accessed 6 | . 4 . 2 . . Terminals 3 | . 3 . . . . Fabricators . | . . . . . . Repair Stations . | . . . . . . Recycling Units 1 | . 1 . . . . Scanalyzers . | . . . . . . Garrison Access . | . . . . . . Total Hacks 13 | . 11 . 2 . . Successful 8 | . 6 . 2 . . Failed 5 | . 5 . . . . Catastrophic 1 | . 1 . . . . Database Lockouts . | . . . . . . Manual 12 | . 11 . 1 . . Terminals 10 | . 10 . . . . Fabricators . | . . . . . . Repair Stations . | . . . . . . Recycling Units 1 | . 1 . . . . Scanalyzers . | . . . . . . Garrison Access . | . . . . . . Terminal Hacks 6 | . 4 . 2 . . Record 1 | . . . 1 . . Part Schematic 2 | . 2 . . . . Robot Analysis 2 | . 2 . . . . Proto ID Catalog 1 | . . . 1 . . Fabricator Hacks . | . . . . . . Repair Station Hacks . | . . . . . . Recycling Unit Hacks . | . . . . . . Scanalyzer . | . . . . . . Garrison Access Hacks . | . . . . . . Unauthorized Hacks 2 | . 2 . . . . Terminals 1 | . 1 . . . . Botnet 1 | . 1 . . . . Fabricators . | . . . . . . Repair Stations . | . . . . . . Recycling Units 1 | . 1 . . . . Tunnel 1 | . 1 . . . . Scanalyzers . | . . . . . . Garrison Access . | . . . . . . Data Cores Recovered 1 | . 1 . . . . Used . | . . . . . . Hacking Detections 3 | . 3 . . . . Full Trace Events 3 | . 3 . . . . Feedback Events 1 | . 1 . . . . Corruption 1 | . 1 . . . . Feedback Blocked . | . . . . . . Robot Schematics Acquired . | . . . . . . Robots Built . | . . . . . . Authchips . | . . . . . . Time . | . . . . . . Total Robot Build Rating . | . . . . . . Part Schematics Acquired 2 | . 2 . . . . Parts Built . | . . . . . . Authchips . | . . . . . . Time . | . . . . . . Total Part Build Rating . | . . . . . . Part Studies Acquired . | . . . . . . Parts Repaired . | . . . . . . Time . | . . . . . . Parts Recycled . | . . . . . . Recycled Matter . | . . . . . . Retrieved Matter . | . . . . . . Retrieved Components . | . . . . . . Parts Scanalyzed . | . . . . . . Part Schematics Acquired . | . . . . . . Parts Damaged . | . . . . . . Bothacking | -11 -10 -10 -10 -9 -8 ------------ Run | Yrd Mat Min Exi Min Mat Used RIF Installer . | . . . . . . Robots Hacked . | . . . . . . Non-combat . | . . . . . . Combat . | . . . . . . Robot Hacks Applied . | . . . . . . Relay Couplers Released . | . . . . . . Fabnet Peak Effective % . | . . . . . . Robots Rewired . | . . . . . . Allies Hacked . | . . . . . . Hacks Repelled . | . . . . . . Allies | -11 -10 -10 -10 -9 -8 -------- Run | Yrd Mat Min Exi Min Mat Total Allies . | . . . . . . Largest Group . | . . . . . . Highest-Rated Group . | . . . . . . Highest-Rated Ally . | . . . . . . Total Orders . | . . . . . . Ally Attacks . | . . . . . . Total Damage . | . . . . . . Kills . | . . . . . . Allies Corrupted . | . . . . . . Allies Melted . | . . . . . . Intel | -11 -10 -10 -10 -9 -8 ------- Run | Yrd Mat Min Exi Min Mat Active Infowar (turns) 415 | 6 175 234 . . . Terrain 411 | 6 175 230 . . . Seismic 4 | . . 4 . . . Robot Analysis Total 2 | . 2 . . . . Derelict Logs Recovered 2 | . . 1 . 1 . Drone Launches . | . . . . . . Drone Recoveries . | . . . . . . Exploration | -11 -10 -10 -10 -9 -8 ------------- Run | Yrd Mat Min Exi Min Mat Turns Passed 2393 | 99 175 829 572 529 189 Spaces Moved 1324 | 62 112 526 353 199 72 Core 4 | 4 . . . . . Treads 808 | 10 . 174 353 199 72 Legs 512 | 48 112 352 . . . Wheels . | . . . . . . Hover . | . . . . . . Flight . | . . . . . . Fastest Speed 50 | 50 120 120 160 160 160 Average Speed 144 | 121 120 133 160 160 165 Slowest Speed 240 | 160 120 160 160 160 240 Overloaded Moves . | . . . . . . Propulsion Burnouts . | . . . . . . Robots Hopped . | . . . . . . Potential Cave-ins . | . . . . . . Cave-ins Triggered . | . . . . . . Exploration Rate (%) 40 | 3 29 96 69 33 12 Regions Visited 5 Branch Regions 3 Pre-discovered Areas 3 | . 1 1 1 . . Known Exits Taken . | . . . . . . Unknown Exits Taken 5 | 1 1 1 1 1 . Scrap Searched 1 | . . 1 . . . Spaces Dug 14 | . . . . 14 . Terrain Destroyed 113 | . 8 . . 66 39 Melee . | . . . . . . Projectile . | . . . . . . AOE 113 | . 8 . . 66 39 Terrain Rammed . | . . . . . . Walls Destroyed . | . . . . . . Machines Disabled . | . . . . . . Actions | -11 -10 -10 -10 -9 -8 --------- Run | Yrd Mat Min Exi Min Mat Total 1638 | 80 131 589 360 372 106 Wait 147 | . 8 5 . 134 . Move 1319 | 61 111 525 352 198 72 Hop . | . . . . . . Pick Up 24 | 7 . 7 4 2 4 Fast Attach 18 | 8 1 4 1 2 2 Attach 9 | 1 . 2 . 3 3 Detach 1 | . . . . 1 . Swap 7 | . . 1 1 3 2 Drop 18 | 2 . 8 2 2 4 Fire 89 | 1 11 35 . 23 19 Melee . | . . . . . . Ram . | . . . . . . Kick 2 | . . 2 . . . Crush 4 | . . . . 4 . Escape Stasis . | . . . . . . Rewire . | . . . . . . Trap . | . . . . . . Miscellaneous . | . . . . . . Route ------- -11/Scrapyard -10/Materials -10/Mines (discovered 3 exits: [*Mat x2] / *Exi) -10/Exiles -9/Mines -8/Materials History --------- Turn | Location | Event 5 | -11/Scrapyard | Discovered new exit (range 15) 100 | -11/Scrapyard | Entered Materials 210 | -10/Materials | Discovered new exit (range 16) 275 | -10/Materials | Entered Mines 276 | -10/Mines | Learned location of Storage (-9) 313 | -10/Mines | Build established: Mutant 406 | -10/Mines | Discovered new exit (range 10) 476 | -10/Mines | Met a Derelict bent on vengeance 545 | -10/Mines | Lost 3 parts (1p1u1w) 784 | -10/Mines | Joined a pair of Derelicts in attacking an 0b10 outpost 1028 | -10/Mines | Discovered new exit (range 10) 1098 | -10/Mines | Deemed a non-threat by the Exiles lab entrance 1098 | -10/Mines | Discovered new exit (range 5) 1104 | -10/Mines | Entered Exiles 1146 | -10/Exiles | Met 8R-AWN 1173 | -10/Exiles | Met EX-HEX 1234 | -10/Exiles | Met EX-DEC 1242 | -10/Exiles | Learned location of Zion (-6) 1450 | -10/Exiles | Met EX-BIN 1469 | -10/Exiles | Aligned with FarCom system 1471 | -10/Exiles | Given EX-Vault access code 1508 | -10/Exiles | Opened EX-Vault 1519 | -10/Exiles | Found Latent Energy Streamer 1523 | -10/Exiles | Found Cloak of Protection 1529 | -10/Exiles | Found AWS/Gauss 1562 | -10/Exiles | Warned to stay clear of 0b10 Research branches 1663 | -10/Exiles | Discovered new exit (range 10) 1676 | -10/Exiles | Stole three prototypes: Cloak of Protection, Latent Energy Streamer, AWS/Gauss 1676 | -10/Exiles | Entered Mines 1699 | -9/Mines | Core integrity fell below 50% 1767 | -9/Mines | Learned Materials emergency access door positions 1836 | -9/Mines | Received a Rocket Launcher from a helpful Derelict 1937 | -9/Mines | Assembled infested the area 2034 | -9/Mines | Build established: Scavenger-Mutant 2156 | -9/Mines | Destroyed 7 combat bots 2180 | -9/Mines | Discovered new exit (range 14) 2205 | -9/Mines | Entered Materials 2205 | -8/Materials | Evolved 4 slots: Propulsion x2, Utility x2 2394 | -8/Materials | Self-destructed Last Messages --------------- 02336_ Dropped Lgt. Ion Engine. 02337_ Acquired Corrupted Lgt. Treads. 02342_ Dropped Lrg. Storage Unit. 02343_ W-25 Informer sends out distress signal. 02346_ Acquired Corrupted Lgt. Treads. 02348_ Acquired Corrupted Imp. Ion Engine. 02355_ Lgt. Treads destroyed. 02355_ Critical hit (Burn: +37). 02359_ U-05 Engineer lays Concrete. 02365_ Lgt. Treads destroyed. 02366_ G-47 Trooper destroyed. 02381_ Chain reaction triggered in Lgt. Nuclear Core. 02381_ M-13 Machinist destroyed. 02381_ G-47 Trooper misfires. 02383_ EM Pulse Gun destroyed. 02385_ Critical hit (Burn: +37). 02387_ G-47 Trooper system terminally corrupted. 02388_ Integrated Corrupted Lgt. Treads (+3). 02391_ System corrupted: Energy discharge (-36). 02393_ U-05 Engineer lays Concrete. Map ----- +----------------------------------------------------+ | ???????????????????????????????????? | | ???????????????????????????????????? | | ???????????????????????????????????? | | ???????????????????????????????????? | | ???????????????????????????????????? | | ???????????????????????????????????? | | ???????????????????????????????????? | | ???????????????????????????????????? | | ???????????????????????????????????? | | ???????????????????????????????????? | | ?????????????????????????????+?????? | | ???????????????????????????????????? | | ???????????????????????????????????? | | ???????????????????????????????????? | | ???????????????????????????????????? | | ???????????????????????????????????? | | ???????????????????#############???? | | ???????????????????# = #???? | | ????????????????? # #???? | | ???????????? ?""" # !!! #???? | | ????????????? " # " !!! !#???? | | ?????????????? # T !! !!##??? | | ???????????? uw/ " [[*#??? | | ?????###+#####?# # % ##??? | | ?????# # ##;;;;;+#####???? | | ?????# ! # %=%@! ####??? | | ?????# + u ! #??? | | ?????# # !u #??? | | ?????# ] # #########+## #??? | | ?????# ! # # #??#??? | | ?????# # %%# #?????? | | ?????# ! [= #?????? | | ????????????# #?????? | | ????????????## # !![[#?????? | | ?????????????# # # !! #?????? | | ?????????????## ![ #?????? | | ??????????????## #?????? | | ??????????????## #######/##?????? | | ??????????????## # #??????? | | ??????????????## # " # #??????? | | ??????????????## "Y # #??????? | | ??????????????## "" # #??????? | | ?????########### " # ??????? | | ?????# # # # #?????? | | ?????# # ######## #?????? | | ?????# # #?????? | | ?????# """ """ + +?????? | | ????????"" """ # #?????? | | ????????"" """ # ### #?????? | | ???????? # #??? #?????? | +----------------------------------------------------+ Best States ------------- Heat Dissipation 39 Energy Generation 14 Energy Capacity 160 Matter Stores 300 Matter Capacity 300 Sight Range 16 Terrain Scan Range 16 Terrain Scan Density 10 Resistance: EX 25 Evasion (%) 55 Recoil Reduction 3 Item Schematics ----------------- Huge Storage Unit | -10/Materials | Hacked Hcp. Storage Unit | -10/Materials | Hacked Robot Schematics ------------------ None Fabricated ------------ Nothing Repaired ---------- Nothing Studied --------- None Alien Tech Used ----------------- None Achievements -------------- None Challenges ------------ None Game ------ Seed PartitionArmageddonPod Manual? 0 Play Time 00:16:14 Cumulative 359.5 hours Start 2025.11.30 @ 10:12:25 End 2025.11.30 @ 10:29:02 Sessions 1 Manual Loads 0 Difficulty Rogue Special Mode None Game No. 366 Rogue 362 Adventurer 3 Explorer 1 Win Type - Total 3 Types 2/0/1/0/0/0/0/0/0/0 Lore% 83 Gallery% 79 Achievement% 66 Wizard Run 0 Options --------- Layout 0 ASCII 0 Keyboard 0 Movement Mouse Keybinds 0 Fullscreen 2 Font 18/SmallcapsGlow Map View 76x50 Zoom Use 0% Tactical HUD 1 Map Filters NONE Filters NONE Steam 1 RUN: 3f4e962c-5777-4c9a-9f9a-21769d3626f9